 Dungeon Crawl Stone Soup version 0.18.1-48-g4cf74bf (webtiles) character file.

102 Legadrian the Skirmisher (level 5, 0/43 HPs)
             Began as a Formicid Abyssal Knight on June 25, 2016.
             Was a Follower of Lugonu.
             Slain by a hound (2 damage)
             ... on level 4 of the Dungeon.
             The game lasted 00:08:24 (1135 turns).

Legadrian the Skirmisher (Formicid Abyssal Knight)  Turns: 1135, Time: 00:08:25

Health: 0/43       AC:  6    Str: 18    XL:     5   Next: 6%
Magic:  6/6        EV: 11    Int: 11    God:    Lugonu [*.....]
Gold:   75         SH:  0    Dex: 10    Spells: 0 memorised, 4 levels left

rFire  . . .     SeeInvis +     a - +2 falchion
rCold  . . .     Gourm    .     g - +0 ring mail
rNeg   . . .     Faith    .     (no shield)
rPois  +         Spirit   .     (helmet unavailable)
rElec  .         Dismiss  .     (no cloak)
rCorr  .         Reflect  .     (no gloves)
SustAt .         Harm     .     d - +0 pair of boots
MR     .....                    (no amulet)
Stlth  ..........               (no ring)
                                j - ring of poison resistance

@: lethally poisoned (0 -> -5), not resistant to hostile enchantments, extremely
unstealthy
A: permanent stasis, dig shafts and tunnels, four strong arms, antennae 3
a: Dig, Shaft Self, Depart the Abyss, Renounce Religion


You were on level 4 of the Dungeon.
You worshipped Lugonu.
Lugonu was aware of your devotion.
You were not hungry.

You visited 1 branch of the dungeon, and saw 4 of its levels.
You visited the Abyss 1 time.

You collected 75 gold pieces.

Inventory:

Hand Weapons
 a - a +2 falchion (weapon)
Armour
 d - a +0 pair of boots (worn)
 e - a cursed +0 robe
 g - a +0 ring mail (worn)
Jewellery
 j - a ring of poison resistance (left hand)
Scrolls
 h - a scroll of random uselessness {unknown}
Comestibles
 c - 3 bread rations
 f - 7 chunks of flesh


   Skills:
 + Level 4.4 Fighting
 + Level 2.8 Long Blades
 + Level 3.1 Armour
 + Level 1.6 Dodging
 + Level 2.2 Invocations


You had 4 spell levels left.
You didn't know any spells.

Dungeon Overview and Level Annotations

Branches:
Dungeon (4/15)
 Temple: D:4-7

Altars:


Innate Abilities, Weirdness & Mutations

You are under a permanent stasis effect.
You can dig through walls and to a lower floor.
Your four strong arms can wield two-handed weapons with a shield.
You have a pair of large antennae on your head (SInv).


Message History

* * * LOW HITPOINT WARNING * * *
The scorpion stings you but does no damage.
The hound closely misses you.
You miss the hound.
The hound is heavily wounded.
The hound closely misses you.
The scorpion stings you but does no damage.
The hound bites you but does no damage.
You barely miss the hound.
The hound is heavily wounded.
The scorpion stings you.
* * * LOW HITPOINT WARNING * * *
You are lethally poisoned!
The scorpion poisons you! The hound closely misses you.
The scorpion stings you but does no damage.
You miss the hound.
The hound is heavily wounded.
* * * LOW HITPOINT WARNING * * *
You feel sick. The hound bites you but does no damage. The hound bites you.
You die...

.## ..## # #..### ##.
#....### ##...
#......# ##>... ♣
#.[..#..####.....
♣..♣♣.##h...#
#..##.....
.!....†@....#
#........
......s.....#
##........
♣..♣♣.##....#
#.[.#..... ♣
♣.#....####..###....
. #.................
####............##..)
.........##'#...##..)
....#....#).#..####..
#####...P#).#..# #..


You could see a scorpion and a hound.

Vanquished Creatures
  A centaur zombie (D:3)
  3 adders (D:2)
  A dart slug (D:1)
  A giant gecko (D:4)
  5 orcs
  A giant cockroach (D:3)
  5 goblins
  4 hobgoblins
  4 jackals (D:1)
  A quokka (D:3)
  2 ball pythons
  2 bats
  A giant newt (D:3)
  3 kobolds
  A rat (D:3)
  A plant (D:4)
36 creatures vanquished.

Notes
Turn   | Place    | Note
--------------------------------------------------------------
     0 | Abyss:1  | Legadrian the Formicid Abyssal Knight began the quest for the Orb.
     0 | Abyss:1  | Reached XP level 1. HP: 18/18 MP: 2/2
     0 | D:1      | Escaped the Abyss
    72 | D:1      | Reached XP level 2. HP: 16/24 MP: 3/3
   191 | D:1      | Reached skill level 1 in Dodging
   231 | D:1      | Reached * piety under Lugonu
   252 | D:2      | Reached skill level 4 in Fighting
   252 | D:2      | Reached XP level 3. HP: 10/30 MP: 4/4
   790 | D:3      | Reached XP level 4. HP: 35/37 MP: 5/5
  1016 | D:4      | Reached XP level 5. HP: 35/43 MP: 6/6
  1135 | D:4      | HP: 2/43 [poisoned by a scorpion]
  1135 | D:4      | Slain by a hound

Skill      XL: |  1  2  3  4 |
---------------+-------------+-----
Dodging        | 1 |  1.6
Fighting       | 4 |  4.4
Armour         | 3 |  3.1
Long Blades    | |  2.8
Invocations    | |  2.2

Action                   |  1- 3 |  4- 6 || total
-------------------------+-------+-------++-------
Melee: Falchion          |    58 |    89 ||   147
Invok: Depart the Abyss  |     1 |       ||     1
  Use: Potion            |     2 |       ||     2
       Scroll            |     4 |     1 ||     5
  Eat: Chunk             |       |     1 ||     1
Armor: Leather armour    |    19 |    18 ||    37
       Ring mail         |       |    22 ||    22
Dodge: Dodged            |    26 |    50 ||    76
